 Dungeon Crawl Stone Soup version 0.25.0-15-gac7dcb8919 (webtiles) character file.

Game seed: 8038841847782002502

29352 protoss039 the Eclecticist (level 13, 0/94 HPs)
             Began as a Deep Elf Earth Elementalist on June 28, 2020.
             Was a High Priest of Vehumet.
             Slain by Snorg (2 damage)
             ... on level 14 of the Dungeon on June 29, 2020.
             The game lasted 00:58:28 (18216 turns).

protoss039 the Eclecticist (DEEE)                  Turns: 18216, Time: 00:58:29

Health: 0/94       AC: 26    Str:  5    XL:     13   Next: 14%
Magic:  43/47      EV:  2    Int: 26    God:    Vehumet [*****.]
Gold:   3054       SH:  0    Dex: 17    Spells: 35/50 levels left

rFire    . . .     SeeInvis .   L - +8 mace "Wopi" {vorpal, rN+ MR+ Dex+2}
rCold    . . .     Gourm    .   (no shield)
rNeg     + + +     Faith    .   (armour currently unavailable)
rPois    +         Spirit   .   (helmet currently unavailable)
rElec    .         Reflect  .   (cloak currently unavailable)
rCorr    .         Harm     .   (gloves currently unavailable)
MR       +++..     NoTele   +   (boots currently unavailable)
Stlth    ++........             (no amulet)
HPRegen  0.25/turn              C - ring of protection from magic
MPRegen  0.30/turn              F - ring of magical power

@: tree-form
A: no striking features
a: Renounce Religion


You were on level 14 of the Dungeon.
You worshipped Vehumet.
Vehumet was extremely pleased with you.
You were not hungry.
You were a tree.
You visited 2 branches of the dungeon, and saw 16 of its levels.
You also visited: Ossuary.

You collected 3054 gold pieces.

Inventory:

Hand Weapons
 c - the +3 dagger "Liwkil" {drain, rElec rF+ Dex+3}
   (You took it off a big kobold on level 9 of the Dungeon)

   A truly terrible weapon, it drains the life of those it strikes.
   It affects your dexterity (+3).
   It protects you from fire.
   It insulates you from electricity.
 J - the +0 war axe "Rohoanaz" {flame, rC+ MP+9 Dex+3}
   (You found it on level 7 of the Dungeon)

   It has been specially enchanted to burn those struck by it, causing extra
   injury to most foes and up to half again as much damage against particularly
   susceptible opponents.
   Big, fiery blades are also staple armaments of hydra-hunters.
   It affects your dexterity (+3).
   It protects you from cold.
   It affects your magic capacity (+9).
 L - the +8 mace "Wopi" (weapon) {vorpal, rN+ MR+ Dex+2}
   (You found it on level 8 of the Dungeon)

   It inflicts extra damage upon your enemies.
   It affects your dexterity (+2).
   It protects you from negative energy.
   It affects your resistance to hostile enchantments.
 N - the +9 trident of the Bespelling Seer {drain, +Blink rN+ Stlth+}
   (You found it on level 8 of the Dungeon)

   A truly terrible weapon, it drains the life of those it strikes.
   It protects you from negative energy.
   It lets you blink.
   It makes you more stealthy.
Missiles
 b - 240 stones (quivered)
Armour
 h - the +0 leather armour of Xonu (melded) {rF+ rC+}
   (You found it on level 10 of the Dungeon)

   It protects you from fire.
   It protects you from cold.
 m - a +0 pair of boots (melded)
 u - +0 swamp dragon scales
 y - a +0 pair of gloves (melded)
 G - a +2 cloak (melded)
 U - +0 acid dragon scales
Jewellery
 o - an uncursed ring of stealth
 v - a +6 ring of strength
 C - a ring of protection from magic (left branch)
 E - an uncursed ring of flight {unknown}
 F - a ring of magical power (right branch)
 H - an uncursed ring of protection from magic
 P - an uncursed amulet of guardian spirit
Wands
 n - a wand of clouds (6)
 I - a wand of acid (20)
 K - a wand of disintegration (21)
 R - a wand of enslavement (7)
 T - a wand of paralysis (8)
 V - a wand of polymorph (4)
 X - a wand of random effects (18)
Scrolls
 e - 2 scrolls of remove curse
 f - 2 scrolls of blinking
 i - 3 scrolls of amnesia
 l - 3 scrolls of fear
 r - a scroll of fog
 t - 4 scrolls of teleportation
 D - a scroll of enchant weapon
 Q - a scroll of brand weapon {unknown}
 S - 2 scrolls of magic mapping {unknown}
 W - 2 scrolls of identify
Potions
 a - 7 potions of flight
 j - 2 potions of curing
 k - 2 potions of cancellation
 p - 2 potions of lignification
 q - 2 potions of brilliance
 s - 3 potions of might
 w - 3 potions of mutation
 x - 2 potions of invisibility
 z - 2 potions of magic
 A - 4 potions of haste
 B - 2 potions of resistance
 M - 3 potions of ambrosia
 O - a potion of stabbing
Comestibles
 d - 21 rations
 g - 32 chunks of flesh


   Skills:
 - Level 0.2 Maces & Flails
 - Level 2.4 Dodging
 - Level 2.4 Stealth
 * Level 19.3 Spellcasting
 + Level 4.5 Conjurations
 + Level 1.6 Transmutations
 * Level 15.9 Earth Magic


You had 35 spell levels left.
You knew the following spells:

 Your Spells              Type           Power        Failure   Level  Hunger
a - Sandblast             Erth           ######       0%          1    None
b - Passwall              Tmut/Erth      ######..     1%          2    None
c - Stone Arrow           Conj/Erth      ######       1%          3    None
d - Petrify               Tmut/Erth      ######..     1%          4    None
e - Lee's Rapid Deconstr  Erth           #######...   1%          5    None

Your spell library contained the following spells:

 Spells                   Type           Power        Failure   Level  Hunger
 Fireball                 Conj/Fire      #####.....   5%          5    None
 Freeze                   Ice            ####         1%          1    None
 Magic Dart               Conj           ####         1%          1    None
 Conjure Flame            Conj/Fire      #####...     1%          3    None
 Frozen Ramparts          Ice            ####..       1%          3    None
 Mephitic Cloud           Conj/Pois/Air  ####....     1%          3    None
 Hailstorm                Conj/Ice       #####...     1%          4    None
 Blink                    Tloc           N/A          2%          2    None
 Call Imp                 Summ           ####....     2%          2    None
 Slow                     Hex            ####....     2%          2    None
 Confusing Touch          Hex            ####....     5%          3    None
 Gell's Gravitas          Tloc           ####......   5%          3    None
 Ozocubu's Armour         Chrm/Ice       ####....     5%          3    None
 Yara's Violent Unravell  Hex/Tmut       ####......   10%         5    None
 Summon Ice Beast         Ice/Summ       ####....     17%         4    None
 Metabolic Englaciation   Hex/Ice        ####......   43%         5    None


Dungeon Overview and Level Annotations

Branches:
Dungeon (15/15)            Temple (1/1) D:4            Lair (0/6) D:9
    Orc (0/2) D:12         Depths (0/5) D:15        Ossuary (visited)
 Vaults: D:13-14

Altars:
Ashenzari
Cheibriados
Dithmenos
Elyvilon
Fedhas
Gozag
Hepliaklqana
Kikubaaqudgha
Makhleb
Nemelex Xobeh
Okawaru
Qazlal
Ru
Sif Muna
Trog
Uskayaw
Vehumet
Wu Jian
Xom
Yredelemnul
Zin
The Shining One

Shops:
D:7 %

Annotations:
D:4 1 runed translucent door, harkrass's ghost, amateur DsFi
D:11 2 transporters, SamuraiZach's ghost, journeyman TrBe
D:14 Snorg


Message History

Confirm with . or Enter, or press ? or * to list all spells.
Aiming: Lee's Rapid Deconstruction (safe; 1% risk of failure)
Press: ? - help, Dir - move target cursor A rock wall.
The wall shatters!
The blast of rock fragments hits the centaur warrior!
The centaur warrior is moderately wounded.
The blast of rock fragments hits the orc!!!
You kill the orc!
Vehumet accepts your kill.
You feel your power returning.
The blast of rock fragments hits Snorg!!
Snorg is heavily wounded.
You hear a shout!
The centaur warrior hits you.
* * * LOW HITPOINT WARNING * * *
Snorg bites you!
* * * LOW HITPOINT WARNING * * *
Snorg claws you but does no damage. Snorg claws you.
You die...

.. .....
#. ....
.....o
#.#..
#.#..
#.).#
######co#
......T♣#
....#####
.


You could see Snorg (berserk), a centaur warrior and 2 orcs.

Vanquished Creatures
  Kirke (D:12)
  Josephine (D:11)
  A hydra (D:12)
  A two-headed ogre (D:13)
  3 centaur warriors
  Urug (D:11)
  The ghost of sentinel the Cleaver, a novice MiWn of Okawaru (D:9)
  Pikel (D:5)
  A wizard (D:15)
  A wolf spider zombie (D:10)
  An orc knight (D:15)
  2 manticores
  5 ugly things
  A cyclops (D:13)
  3 centaur zombies
  Maggie (D:6)
  A kobold demonologist (D:9)
  Grinder (D:6)
  4 trolls
  A hornet (D:8)
  3 hippogriffs
  3 water elementals (D:13)
  Sigmund (D:6)
  6 wraiths
  2 shadows
  5 hogs
  A human (D:8)
  4 yaks (D:9)
  2 vampire mosquitoes (D:12)
  3 hungry ghosts
  Edmund (D:4)
  Menkaure (D:6)
  A soldier ant (D:10)
  An acid dragon (D:13)
  A porcupine (D:9)
  4 ice beasts
  12 orc warriors
  4 sky beasts
  3 black bears
  A slave (D:5)
  5 phantoms
  A necrophage (D:7)
  17 centaurs
  9 ogres
  2 crocodiles
  11 big kobolds
  4 bullfrogs
  3 gnoll sergeants (D:12)
  4 water moccasin zombies (Ossuary)
  2 wyvern skeletons
  A scorpion (D:7)
  10 killer bees
  13 wights
  3 howler monkeys
  An electric eel (D:13)
  6 crimson imps
  2 bullfrog zombies
  2 quasits
  3 hounds
  A jelly (D:8)
  4 orc priests
  Crazy Yiuf (D:6)
  3 centaur skeletons
  Jessica (D:2)
  4 iguanas
  11 orc wizards
  13 worker ants
  3 big kobold zombies (Ossuary)
  2 mummies (Ossuary)
  3 hound zombies
  A hound skeleton (D:11)
  14 gnolls
  17 adders
  3 shadow imps
  5 adder zombies (Ossuary)
  3 adder skeletons
  A worm (D:2)
  3 dart slugs
  9 leopard geckos
  54 orcs
  6 giant cockroaches
  2 gnoll zombies (Ossuary)
  9 goblins
  10 hobgoblins
  18 jackals
  24 kobolds
  2 ball pythons
  17 bats
  5 frilled lizards
  3 hobgoblin zombies (Ossuary)
  3 kobold zombies (Ossuary)
  6 orc zombies (Ossuary)
  7 rats
458 creatures vanquished.

Vanquished Creatures (others)
  3 humans (D:12)
  An ogre (D:12)
  A wight (D:12)
  An iguana (D:12)
  A worker ant (D:12)
  An orc (D:12)
  3 fungi (D:9)
  3 plants (D:9)
14 creatures vanquished.

Grand Total: 472 creatures vanquished

Notes
Turn   | Place    | Note
-------+----------+-------------------------------------------
     0 | D:1      | protoss039 the Deep Elf Earth Elementalist began the quest
                  | for the Orb.
     0 | D:1      | Reached XP level 1. HP: 10/10 MP: 6/6
   214 | D:1      | Reached XP level 2. HP: 15/15 MP: 6/8
   836 | D:1      | Reached XP level 3. HP: 14/19 MP: 7/10
  1341 | D:1      | Reached skill level 4 in Spellcasting
  2049 | D:2      | Learned a level 2 spell: Passwall
  2097 | D:2      | Noticed Jessica
  2107 | D:2      | Killed Jessica
  2107 | D:2      | Reached XP level 4. HP: 3/24 MP: 3/12
  2962 | D:2      | Reached skill level 5 in Spellcasting
  3194 | D:2      | Learned a level 3 spell: Stone Arrow
  3602 | D:3      | Reached skill level 5 in Earth Magic
  3602 | D:3      | Reached XP level 5. HP: 28/28 MP: 10/14
  3761 | D:3      | Reached skill level 6 in Spellcasting
  4115 | D:3      | Found an ornate altar of the Wu Jian Council.
  4226 | D:3      | Reached XP level 6. HP: 32/32 MP: 13/17
  4859 | D:4      | Noticed Edmund
  4865 | D:4      | Killed Edmund
  4909 | D:4      | Reached skill level 7 in Spellcasting
  4954 | D:4      | Found a sand-covered staircase.
  5021 | Ossuary  | Entered an ossuary
  5120 | Ossuary  | Reached XP level 7. HP: 28/36 MP: 2/20
  5135 | Ossuary  | Reached skill level 1 in Conjurations
  5329 | Ossuary  | Reached skill level 8 in Spellcasting
  5351 | Ossuary  | Learned a level 4 spell: Petrify
  5357 | Ossuary  | Learned a level 5 spell: Lee's Rapid Deconstruction
  5867 | D:4      | Noticed harkrass's ghost (amateur DsFi)
  5877 | D:4      | Found a runed translucent door.
  5896 | D:4      | Found a staircase to the Ecumenical Temple.
  6000 | D:4      | Found a white marble altar of Elyvilon.
  6118 | D:5      | Entered Level 5 of the Dungeon
  6145 | Temple   | Entered the Ecumenical Temple
  6278 | Temple   | Became a worshipper of Vehumet
  6699 | D:5      | Reached skill level 9 in Spellcasting
  6700 | D:5      | Reached XP level 8. HP: 35/41 MP: 20/23
  6714 | D:5      | Identified the +3 short sword of the Crawling Thing
                  | {vorpal, MR- Str+10}
  6925 | D:5      | Noticed Pikel
  6946 | D:5      | Killed Pikel
  6946 | D:5      | Reached skill level 10 in Spellcasting
  7238 | D:5      | Found a glowing golden altar of the Shining One.
  7536 | D:6      | Noticed Sigmund
  7541 | D:6      | Killed Sigmund
  7541 | D:6      | Reached skill level 11 in Spellcasting
  7541 | D:6      | Reached XP level 9. HP: 45/45 MP: 14/26
  7542 | D:6      | Reached * piety under Vehumet
  7542 | D:6      | Offered knowledge of Foxfire by Vehumet.
  7569 | D:6      | Noticed Maggie
  7576 | D:6      | Killed Maggie
  7734 | D:6      | Found a runed translucent door.
  7735 | D:6      | Noticed Crazy Yiuf
  7781 | D:6      | Noticed Grinder
  7783 | D:6      | Killed Grinder
  8235 | D:6      | Found a shattered altar of Ashenzari.
  8328 | D:6      | Reached skill level 10 in Earth Magic
  8608 | D:6      | Noticed Menkaure
  8704 | D:6      | Killed Menkaure
  8704 | D:6      | Reached skill level 12 in Spellcasting
  9184 | D:6      | Killed Crazy Yiuf
  9358 | D:7      | Offered knowledge of Magic Dart by Vehumet.
  9407 | D:7      | Reached ** piety under Vehumet
  9805 | D:7      | Found Qalohin's Food Shop.
  9886 | D:7      | Reached XP level 10. HP: 50/50 MP: 5/28
  9946 | D:7      | Got a bloodstained war axe
  9947 | D:7      | Identified the cursed +0 war axe "Rohoanaz" {flame, rC+
                  | MP+9 Dex+3} (You found it on level 7 of the Dungeon)
 10200 | D:8      | Reached skill level 13 in Spellcasting
 10210 | D:8      | Got a crude mace
 10213 | D:8      | Identified the +8 mace "Wopi" {vorpal, rN+ MR+ Dex+2} (You
                  | found it on level 8 of the Dungeon)
 10278 | D:8      | Offered knowledge of Static Discharge by Vehumet.
 10746 | D:8      | Got an ichor-stained trident
 10747 | D:8      | Identified the +9 trident of the Bespelling Seer {drain,
                  | +Blink rN+ Stlth+} (You found it on level 8 of the Dungeon)
 10926 | D:8      | Reached skill level 14 in Spellcasting
 11217 | D:9      | Identified a scroll of acquirement
 11236 | D:9      | Reached *** piety under Vehumet
 11625 | D:9      | Reached XP level 11. HP: 39/54 MP: 17/31
 11748 | D:9      | Found a staircase to the Lair.
 11930 | D:9      | Offered knowledge of Sticky Flame by Vehumet.
 11930 | D:9      | Reached skill level 15 in Spellcasting
 12069 | D:9      | Found a runed translucent gate.
 12069 | D:9      | Found a runed translucent gate.
 12069 | D:9      | Found a runed translucent gate.
 12070 | D:9      | Identified the +3 dagger "Liwkil" {drain, rElec rF+ Dex+3}
 12070 | D:9      | Noticed sentinel's ghost (novice MiWn)
 12494 | D:9      | Found an ancient bone altar of Kikubaaqudgha.
 12494 | D:9      | Found a shadowy altar of Dithmenos.
 12499 | D:9      | Found a faded altar of an unknown god.
 12501 | D:9      | Found a stormy altar of Qazlal.
 12502 | D:9      | Found a faded altar of an unknown god.
 12621 | D:9      | Killed sentinel's ghost
 12761 | D:9      | Got a fine hand crossbow
 12762 | D:9      | Identified the +5 hand crossbow "Gawij" {venom, +Blink
                  | +Fly} (You found it on level 9 of the Dungeon)
 12785 | D:10     | Entered Level 10 of the Dungeon
 12803 | D:10     | Got an ichor-stained leather armour
 12814 | D:10     | Identified the +0 leather armour of Xonu {rF+ rC+} (You
                  | found it on level 10 of the Dungeon)
 12836 | D:10     | Reached **** piety under Vehumet
 13209 | D:10     | Offered knowledge of Dazzling Flash by Vehumet.
 13672 | D:10     | Reached skill level 16 in Spellcasting
 14000 | D:11     | Noticed Josephine
 14002 | D:11     | Killed Josephine
 14306 | D:11     | Noticed Urug
 14310 | D:11     | Killed Urug
 14611 | D:11     | Reached ***** piety under Vehumet
 14668 | D:11     | Offered knowledge of Iskenderun's Mystic Blast by Vehumet.
 15147 | D:11     | Found a transporter.
 15321 | D:11     | Found a transporter.
 15563 | D:11     | Noticed SamuraiZach's ghost (journeyman TrBe)
 15583 | D:12     | Found an ornate altar of the Wu Jian Council.
 15602 | D:12     | Noticed Kirke
 15615 | D:12     | Noticed a sphinx
 15617 | D:12     | Killed Kirke
 15617 | D:12     | Reached skill level 17 in Spellcasting
 15617 | D:12     | Reached XP level 12. HP: 44/59 MP: 15/35
 16374 | D:12     | Found a staircase to the Orcish Mines.
 16648 | D:12     | Noticed an eight-headed hydra
 16655 | D:12     | Killed an eight-headed hydra
 17107 | D:13     | Reached skill level 18 in Spellcasting
 17202 | D:13     | Reached skill level 15 in Earth Magic
 17299 | D:13     | Noticed a two-headed ogre
 17302 | D:13     | Killed a two-headed ogre
 17980 | D:14     | Noticed a centaur warrior
 17984 | D:14     | Killed a centaur warrior
 18070 | D:14     | Found a radiant altar of Vehumet.
 18071 | D:14     | You fall into a shaft and drop 1 floor!
 18071 | D:15     | Entered Level 15 of the Dungeon
 18071 | D:15     | Found a staircase to the Depths.
 18072 | D:15     | Noticed a fire dragon
 18074 | D:15     | Found an iron altar of Okawaru.
 18076 | D:15     | Noticed a centaur warrior
 18084 | D:15     | Offered knowledge of Fireball by Vehumet.
 18085 | D:15     | Reached skill level 19 in Spellcasting
 18087 | D:15     | Reached XP level 13. HP: 30/63 MP: 19/38
 18118 | D:15     | Found a shimmering altar of Xom.
 18209 | D:14     | Noticed Snorg
 18216 | D:14     | HP: 2/94 [Snorg (16)]
 18216 | D:14     | Slain by Snorg

Illustrated notes

Levels and vault maps discovered:
D:1:      lightli_arrival_boilingwater, layout_basic
D:2:      layout_basic, first_ration, uniq_jessica
D:3:      layout_basic, lemuel_coloured_pillars_altar
D:4:      layout_cave_pools, minmay_temple_entry_statues_pillars,
          nicolae_ossuary_entry_ruins, hellmonk_ghost_happy_afterlife,
          serial_column_ruins, column_ruins_hut_ruined, column_ruins_open_tiny,
          column_ruins_columns_dead_end, column_ruins_open_tiny,
          column_ruins_open_tiny, column_ruins_open_tiny,
          column_ruins_open_small, elyvilon_altar_3, uniq_edmund
D:5:      layout_rooms, tso_metal_star, uniq_pikel
D:6:      layout_loops_ring, nicolae_ashenzari_panopticon, uniq_grinder,
          uniq_maggie, uniq_crazy_yiuf_cottage, uniq_sigmund, uniq_menkaure
D:7:      layout_basic, serial_shops, shop
D:8:      minmay_thinvault, layout_cave_pools, grunt_livestock,
          kennysheep_generic_room_13
D:9:      layout_roguey, chequers_temple_overflow_minitemple,
          grunt_lair_entry_orc_guard_hut, gammafunk_ghost_nasty_kobolds,
          minmay_microvault
D:10:     layout_roguey
D:11:     layout_loops_ring, gammafunk_ghost_stat_death, uniq_josephine,
          uniq_urug
D:12:     layout_rooms, kennysheep_orc_monster_closet_entryway, basic_altar,
          uniq_kirke
D:13:     layout_basic
D:14:     layout_basic, grunt_vaults_entry_tiered, lemuel_altar_in_water,
          uniq_snorg
D:15:     grunt_enter_depths_hoard, layout_rooms, okawaru_ov_weapons_minmay,
          basic_altar
Temple:   compressed_dpeg_circular_temple

Skill      XL: |  1  2  3  4  5  6  7  8  9 10 11 12 |
---------------+-------------------------------------+-----
Earth Magic    | 4 5 6 7 9 11 12 14 15 | 15.9
Spellcasting   | 4 5 6 7 9 11 12 14 17 19 | 19.3
Conjurations   | 1 2 3 4 |  4.5
Maces & Flails | |  0.2
Dodging        | |  2.4
Stealth        | |  2.4
Transmutations | |  1.6

Action                   |  1- 3 |  4- 6 |  7- 9 | 10-12 | 13-15 || total
-------------------------+-------+-------+-------+-------+-------++-------
Melee: Mace              |    51 |    27 |       |    39 |     7 ||   124
       Flail             |       |     8 |    71 |       |       ||    79
 Cast: Sandblast         |    38 |    82 |    32 |    61 |     6 ||   219
       Stone Arrow       |       |    28 |    84 |   129 |     1 ||   242
       Lee's Rapid Decon |       |       |    27 |   178 |     8 ||   213
       Passwall          |       |       |     1 |       |       ||     1
       Petrify           |       |       |       |     8 |       ||     8
  Use: Scroll            |       |       |    12 |    20 |       ||    32
       Potion            |       |       |     2 |     4 |     6 ||    12
 Stab: Sleeping          |     5 |     2 |     1 |       |       ||     8
  Eat: Chunk             |     4 |     9 |    14 |    23 |       ||    50
       Ration            |       |       |     1 |     1 |     1 ||     3
Armor: Robe              |    10 |    20 |    36 |     9 |       ||    75
       Leather armour    |       |       |       |    31 |     4 ||    35
       Skin              |       |       |       |    16 |    50 ||    66
Dodge: Dodged            |    51 |    50 |    67 |    60 |    19 ||   247
